 Dungeon Crawl Stone Soup version 0.21-a0-78-g82a99e0 (webtiles) character file.

184 Spazmo the Magician (level 5, -9/28 HPs)
             Began as a Deep Elf Conjurer on June 21, 2017.
             Mangled by Grinder (10 damage)
             ... while paralysed by Grinder
             ... on level 3 of the Dungeon.
             The game lasted 00:06:21 (1926 turns).

Spazmo the Magician (Deep Elf Conjurer)             Turns: 1926, Time: 00:06:21

Health: -9/28      AC:  3    Str:  5    XL:     5   Next: 36%
Magic:  7/15       EV:  2    Int: 21    God:
Gold:   73         SH:  0    Dex: 15    Spells: 4/15 levels left

rFire    . . .     SeeInvis .   d - -2 dagger (curse)
rCold    . . .     Gourm    .   (no shield)
rNeg     . . .     Faith    .   a - +1 robe
rPois    .         Spirit   .   (no helmet)
rElec    .         Reflect  .   (no cloak)
rCorr    .         Harm     .   (no gloves)
MR       .....                  (no boots)
Stlth    ++........             (no amulet)
HPRegen  0.09/turn              (no ring)
MPRegen  0.14/turn              (no ring)

@: paralysed
A: no striking features
a: no special abilities


You were on level 3 of the Dungeon.
You were not hungry.

You visited 1 branch of the dungeon, and saw 3 of its levels.

You collected 73 gold pieces.

Inventory:

Hand Weapons
 d - a cursed -2 dagger (weapon)
Missiles
 e - 108 stones (quivered)
Armour
 a - a +1 robe (worn)
Magical Staves
 m - an uncursed staff of wizardry
Scrolls
 i - 2 scrolls of identify
Potions
 h - 2 potions of might
 j - a potion of flight {unknown}
 k - a potion of berserk rage {unknown}
 l - a potion of lignification {unknown}
 o - a potion of agility {unknown}
Books
 b - a book of Conjurations

   Spells                             Type                      Level
   a - Magic Dart                     Conjuration                  1
   b - Searing Ray                    Conjuration                  2
   c - Dazzling Spray                 Conjuration/Hexes            3
   d - Fulminant Prism                Conjuration/Hexes            4
   e - Force Lance                    Conjuration/Translocation    4
   f - Iskenderun's Mystic Blast      Conjuration                  4
Comestibles
 c - 3 bread rations
 f - 4 royal jellies
 g - 3 fruits
 n - a meat ration


   Skills:
 - Level 2.4 Dodging
 - Level 2.4 Stealth
 + Level 5.9 Spellcasting
 + Level 5.9 Conjurations


You had 4 spell levels left.
You knew the following spells:

 Your Spells              Type           Power        Failure   Level  Hunger
a - Magic Dart            Conj           ####         1%          1    None
b - Searing Ray           Conj           ####..       1%          2    None
c - Force Lance           Conj/Tloc      ###.....     28%         4    ####...
d - Iskenderun's Mystic   Conj           ####....     9%          4    ####...


Dungeon Overview and Level Annotations

Branches:
Dungeon (3/15)

Altars:
Fedhas
Okawaru
Qazlal
Ru
Uskayaw
Xom

Annotations:
D:3 Grinder


Message History

You struggle to resist.
Casting: Searing Ray
Confirm with . or Enter, or press ? or * to list all spells.
Aiming: Iskenderun's Mystic Blast
Press: ? - help, Shift-Dir - straight line, f/p - Grinder
Aim: Grinder (heavily wounded)
The orb of energy hits Grinder.
Grinder is severely wounded.
The orb of energy explodes!
Grinder gestures at you.
You suddenly lose the ability to move!
Grinder hits you!
* * * LOW HITPOINT WARNING * * *
You writhe in agony.
* * * LOW HITPOINT WARNING * * *
Grinder hits you.
* * * LOW HITPOINT WARNING * * *
Grinder barely misses you. Grinder hits you!
You die...

. #...<......# #. #
#..........#
#.#.#..###'###.###
.###..#..# #.# #...
.PPP.....###.###.#
###
PPPPP.#..'.._..'.#...
PP_P..#..#######.#.#
P..PP..5.# ### #...#
.PPP.#.#@#######.###
##.....#.........# #.
#####.##.####+..# #.
#5 #.###...## #. ..
#........## #. ##
###.......## ##.
####.........####..
#..'.........'.....
####..>......####..


You could see Grinder.

Vanquished Creatures
  An ogre (D:3)
  3 adders (D:2)
  2 oozes (D:1)
  A worm (D:2)
  A dart slug (D:1)
  A leopard gecko (D:1)
  4 giant cockroaches
  7 goblins
  7 hobgoblins
  10 jackals
  2 quokkas (D:2)
  3 bats
  2 frilled lizards
  7 kobolds
  4 rats
55 creatures vanquished.

Notes
Turn   | Place    | Note
-------+----------+-------------------------------------------
     0 | D:1      | Spazmo the Deep Elf Conjurer began the quest for the Orb.
     0 | D:1      | Reached XP level 1. HP: 10/10 MP: 6/6
     1 | D:1      | Found a sacrificial altar of Ru.
    63 | D:1      | Reached XP level 2. HP: 10/15 MP: 1/8
    67 | D:1      | Learned a level 2 spell: Searing Ray
   450 | D:1      | Reached XP level 3. HP: 18/19 MP: 2/10
   570 | D:1      | Reached skill level 5 in Conjurations
   878 | D:2      | Found a shimmering altar of Xom.
   929 | D:2      | Found an iron altar of Okawaru.
  1128 | D:2      | Reached XP level 4. HP: 24/24 MP: 7/12
  1150 | D:2      | Learned a level 4 spell: Force Lance
  1155 | D:2      | Learned a level 4 spell: Iskenderun's Mystic Blast
  1203 | D:2      | Found an iron altar of Okawaru.
  1218 | D:2      | Reached skill level 5 in Spellcasting
  1765 | D:3      | Found a stormy altar of Qazlal.
  1769 | D:3      | Noticed an ogre
  1776 | D:3      | Killed an ogre
  1776 | D:3      | Reached XP level 5. HP: 28/28 MP: 8/15
  1873 | D:3      | Found a blossoming altar of Fedhas.
  1874 | D:3      | Noticed Grinder
  1878 | D:3      | Found a hide-covered altar of Uskayaw.
  1922 | D:3      | Paralysed by Grinder for 7 turns
  1924 | D:3      | HP: 1/28 [Grinder (2)]
  1926 | D:3      | Mangled by Grinder

Vault maps used:
D:1:      sevenhm_arrival_forest_fort_small_6
D:2:      xom_teletrap_fun, nicolae_overflow_hidden_temple, first_bread,
          okawaru_trees_1
D:3:      nicolae_qazlal_eye_of_the_storm, minitemple, lemuel_doored_altar,
          st_stairs_3, fedhas_altar_3, uniq_grinder

Skill      XL: |  1  2  3  4 |
---------------+-------------+-----
Spellcasting   | 4 5 |  5.9
Conjurations   | 5 |  5.9
Dodging        | |  2.4
Stealth        | |  2.4

Action                   |  1- 3 |  4- 6 || total
-------------------------+-------+-------++-------
Melee: Dagger            |    20 |       ||    20
 Cast: Magic Dart        |    79 |    29 ||   108
       Searing Ray       |       |     4 ||     4
       Iskenderun's Myst |       |     1 ||     1
  Use: Scroll            |     2 |     1 ||     3
  Eat: Chunk             |       |     3 ||     3
Armor: Robe              |    10 |       ||    10
Dodge: Dodged            |    20 |     6 ||    26
